 Dungeon Crawl Stone Soup version 0.29.1-4-g47bece8355 (webtiles) character file.

Game seed: 16959433054076873381

1719 safid the Skirmisher (level 8, -9/74 HPs)
             Began as a Minotaur Hunter on Dec 5, 2022.
             Mangled by a wight
             ... wielding a +2 halberd of distortion
              (10 damage)
             ... on level 6 of the Dungeon on Dec 6, 2022.
             The game lasted 00:09:56 (5620 turns).

safid the Skirmisher (Minotaur Hunter)              Turns: 5620, Time: 00:09:57

Health: -9/74      AC:  4    Str: 13    XL:     8   Next: 75%
Magic:  7/7        EV: 12    Int:  6    God:
Gold:   417        SH:  0    Dex: 17    Spells: 7/7 levels left

rFire   . . .      SeeInvis .   a - +0 shortbow
rCold   . . .      Faith    .   (shield currently unavailable)
rNeg    . . .      Spirit   .   c - +0 leather armour
rPois   .          Reflect  .   (helmet restricted)
rElec   .          Harm     .   g - +2 cloak
rCorr   .          Rampage  .   (no gloves)
Will    .....                   (no boots)
Stlth   ++........              j - amulet of regeneration
HPRegen 1.02/turn               (no ring)
MPRegen 0.10/turn               (no ring)

@: brilliant, lethally poisoned (-9 -> -13), hasted, very quick
A: horns 2, retaliatory headbutt, deformed body, weak 1, MP-powered wands
a: no special abilities


You were on level 6 of the Dungeon.
You visited 2 branches of the dungeon, and saw 7 of its levels.
You also visited: Sewer.

You collected 417 gold pieces.

Inventory:

Hand Weapons
 a - a +0 shortbow (weapon)
Armour
 c - a +0 leather armour (worn)
 g - a +2 cloak (worn)
Jewellery
 j - an amulet of regeneration (around neck)
 s - a ring of fire
 B - an amulet of the acrobat
Wands
 n - a wand of paralysis (7)
 y - a wand of flame (16)
Scrolls
 b - 2 scrolls of immolation
 d - 2 scrolls of enchant armour {unknown}
 f - a scroll of torment
 h - a scroll of enchant weapon
 i - 6 scrolls of teleportation
 l - a scroll of poison
 p - a scroll of summoning
 r - 2 scrolls of fear {unknown}
 t - 3 scrolls of blinking
 w - a scroll of noise {unknown}
 x - a scroll of vulnerability {unknown}
 z - 2 scrolls of magic mapping {unknown}
 A - a scroll of fog {unknown}
Potions
 e - a potion of degeneration {unknown}
 k - a potion of lignification {unknown}


   Skills:
 - Level 8.0 Fighting
 + Level 11.1 Ranged Weapons
 - Level 2.1 Dodging
 - Level 0.7 Stealth


You had 7 spell levels left.
You didn't know any spells.
Your spell library contained the following spells:

 Spells                   Type           Power      Damage    Failure   Level
 Foxfire                  Conj/Fire      0%         2x1d4     54%         1
 Magic Dart               Conj           0%         1d3       54%         1
 Sting                    Tmut/Pois      0%         1d3       54%         1
 Call Imp                 Summ           0%         N/A       67%         2
 Ensorcelled Hibernation  Hex/Ice        0%         N/A       67%         2
 Passwall                 Tmut/Erth      0%         N/A       67%         2
 Poisonous Vapours        Pois/Air       0%         N/A       67%         2
 Searing Ray              Conj           0%         2d4       67%         2
 Conjure Flame            Conj/Fire      0%         6-21      88%         3
 Inner Flame              Hex/Fire       0%         N/A       88%         3
 Mephitic Cloud           Conj/Pois/Air  0%         N/A       88%         3
 Stone Arrow              Conj/Erth      0%         3d7       88%         3
 Swiftness                Air            0%         N/A       88%         3
 Animate Armour           Summ/Erth      0%         N/A       99%         4
 Flame Wave               Conj/Fire      0%         2d4       99%         4
 Fulminant Prism          Conj/Hex       0%         3d6       99%         4
 Olgreb's Toxic Radiance  Pois           0%         N/A       99%         4
 Lehudib's Crystal Spear  Conj/Erth      0%         10d2      100%        8


Dungeon Overview and Level Annotations

Branches:
Dungeon (6/15)             Temple (1/1) D:6           Sewer (visited)

Altars:
Ashenzari
Cheibriados
Dithmenos
Elyvilon
Fedhas
Gozag
Hepliaklqana
Kikubaaqudgha
Makhleb
Nemelex Xobeh
Qazlal
Ru
Sif Muna
Trog
Uskayaw
Vehumet
Wu Jian
Xom
Yredelemnul
Zin


Innate Abilities, Weirdness & Mutations

You have a pair of horns on your head.
You reflexively headbutt those who attack you in melee.
Armour fits poorly on your strangely shaped body.
You are weak. (Str -2)
You expend magic power (3 MP) to strengthen your wands.


Message History

You furiously retaliate!
You headbutt the water moccasin. The water moccasin barely misses you.
The water moccasin attacks as you move away!
The water moccasin closely misses you. You furiously retaliate!
You headbutt the water moccasin!
The water moccasin attacks as you move away!
The water moccasin bites you. The water moccasin barely misses you.
There is a shaft here.
The water moccasin attacks as you move away!
The water moccasin closely misses you. The water moccasin bites you.
You are poisoned.
The water moccasin poisons you!
The water moccasin attacks as you move away!
The water moccasin bites you.
You are more poisoned.
The water moccasin poisons you!
You feel very sick.
You feel very sick. The water moccasin bites you.
* * * LOW HITPOINT WARNING * * *
You are lethally poisoned!
The water moccasin poisons you!
* * * LOW HITPOINT WARNING * * *
You feel very sick. The water moccasin closely misses you.
It was a potion of brilliance.
You feel clever all of a sudden.
* * * LOW HITPOINT WARNING * * *
You feel very sick. The water moccasin closely misses you.
You furiously retaliate!
You headbutt the water moccasin.
The water moccasin bites you but does no damage.
The wight closely misses you.
It was a potion of haste.
You feel yourself speed up.
* * * LOW HITPOINT WARNING * * *
You feel very sick. The water moccasin misses you. You furiously retaliate!
You headbutt the water moccasin.
The wight hits you from afar with a +2 halberd of distortion!
You die...

, * , , #####
###P.~##, *
#.....P## , ,
##~....~≈# , * *
#......^≈#
#^P....^≈# ,
##P....@## ,, *
#.~..S#### ***
##~.z#...### ,
#^.P###...#######
,
#..~#......(.....,
,
#P.~#####.#######
#~.P# #.†..##
#P.~# ##[...#### ,
##..#
#...†...#####


You could see a water moccasin and a wight.

Vanquished Creatures
  Maggie (D:6)
  Menkaure (D:5)
  2 steam dragons (D:6)
  2 water moccasins
  A black bear (D:6)
  A sky beast (D:6)
  An ice beast (D:6)
  2 scorpions
  2 hounds
  3 orc priests
  A jelly (D:5)
  3 iguanas
  3 orc wizards
  7 adders
  A river rat (D:4)
  A shadow imp (D:5)
  A white imp (D:6)
  2 dart slugs
  12 orcs
  4 bats
  8 endoplasms
  2 giant cockroaches
  9 goblins
  7 hobgoblins
  3 jackals
  3 quokkas
  4 ball pythons
  3 frilled lizards
  5 kobolds
  8 rats
103 creatures vanquished.

Vanquished Creatures (others)
  7 fungi (D:6)
  A plant (D:1)
8 creatures vanquished.

Grand Total: 111 creatures vanquished

Notes
Turn   | Place    | Note
-------+----------+-------------------------------------------
     0 | D:1      | safid the Minotaur Hunter began the quest for the Orb.
     0 | D:1      | Reached XP level 1. HP: 18/18 MP: 0/0
   505 | D:1      | Reached XP level 2. HP: 25/25 MP: 1/1
  1832 | D:2      | Reached skill level 5 in Ranged Weapons
  1832 | D:2      | Reached XP level 3. HP: 31/31 MP: 2/2
  2414 | D:2      | Found a faded altar of an unknown god.
  2622 | D:3      | Reached XP level 4. HP: 40/40 MP: 3/3
  3349 | D:4      | Found a glowing drain.
  3366 | Sewer    | Entered a sewer
  3422 | Sewer    | Noticed a water moccasin
  3434 | Sewer    | Killed a water moccasin
  3435 | Sewer    | Reached skill level 5 in Fighting
  3435 | Sewer    | Reached skill level 6 in Ranged Weapons
  3435 | Sewer    | Reached XP level 5. HP: 26/48 MP: 4/4
  3897 | D:4      | Reached XP level 6. HP: 56/56 MP: 5/5
  4450 | D:5      | Entered Level 5 of the Dungeon
  4499 | D:5      | Identified the +9 ring mail of Summertime {Will+}
  4568 | D:4      | Reached skill level 7 in Ranged Weapons
  4649 | D:5      | Noticed Menkaure
  4656 | D:5      | Killed Menkaure
  4657 | D:5      | Reached XP level 7. HP: 64/64 MP: 6/6
  4951 | D:6      | Reached skill level 8 in Ranged Weapons
  5005 | D:6      | Found a staircase to the Ecumenical Temple.
  5014 | Temple   | Entered the Ecumenical Temple
  5314 | D:6      | Reached XP level 8. HP: 54/74 MP: 7/7
  5323 | D:6      | Reached skill level 9 in Ranged Weapons
  5475 | D:6      | Gained mutation: You occasionally shout uncontrollably at
                  | your foes. [potion of mutation]
  5475 | D:6      | Gained mutation: You passively map a small area around you.
                  | [potion of mutation]
  5480 | D:6      | Reached skill level 10 in Ranged Weapons
  5480 | D:6      | Lost mutation: You occasionally shout uncontrollably at
                  | your foes. [potion of mutation]
  5480 | D:6      | Lost mutation: You passively map a small area around you.
                  | [potion of mutation]
  5480 | D:6      | Gained mutation: You are weak. (Str -2) [potion of
                  | mutation]
  5480 | D:6      | Gained mutation: Armour fits poorly on your strangely
                  | shaped body. [potion of mutation]
  5480 | D:6      | Gained mutation: You expend magic power (3 MP) to
                  | strengthen your wands. [potion of mutation]
  5571 | D:6      | Noticed Maggie
  5592 | D:6      | Killed Maggie
  5593 | D:6      | Reached skill level 11 in Ranged Weapons
  5620 | D:6      | HP: 1/74 [poisoned by a water moccasin]
  5620 | D:6      | Mangled by a wight

Illustrated notes

Levels and vault maps discovered:
D:1:      heliophobic_arrival_dark_side_of_the_moon, layout_basic, serial_bayou,
          serial_bayou_shore_b, serial_bayou_pond_d, serial_bayou_pond_d,
          serial_bayou_pond_b
D:2:      layout_basic, dreamdust_ecumenical_altar_angels_and_demons,
          minmay_quadrilaterals
D:3:      cheibrodos_old_hovel, layout_basic
D:4:      layout_layer_cave, portal_sewer_entry_a
D:5:      layout_rooms, uniq_menkaure
D:6:      kennysheep_steamy, layout_rooms, kennysheep_okawaru_gauntlet,
          minmay_temple_entry_slanted, uniq_maggie
Temple:   nicolae_temple_slightly_damp_pantheon

Skill      XL: |  1  2  3  4  5  6  7  8 |
---------------+-------------------------+-----
Fighting       | 3 4 5 6 8 |  8.0
Ranged Weapons | 5 6 7 8 11 | 11.1
Dodging        | |  2.1
Stealth        | |  0.7

Action                   |  1- 3 |  4- 6 |  7- 9 || total
-------------------------+-------+-------+-------++-------
Melee: Shortbow          |       |     2 |       ||     2
 Fire: Shortbow          |   115 |   132 |   144 ||   391
  Use: Scroll            |       |       |     6 ||     6
       Potion            |       |       |     4 ||     4
Armor: Leather armour    |     5 |    19 |    35 ||    59
Dodge: Dodged            |    31 |    35 |    83 ||   149
